Map: Prion Terraces

Players

lesha

  • Race: Terran Terran
  • League: Silver

Assault - Winner!

  • Race: Zerg Zerg
  • League: Silver

VOD

Have the link to the VOD?

Description

Time

  • Played on: Jan. 2, 2016, 10:29 a.m.
  • Length: 4:32
Show
View Real Time Build Order
Export as new Build Order

lesha Terran 

Build Orders: Reaper Expand 

Get SALT Encoding   

  12  0:01  SCV  
  13  0:13  SCV  
  14  0:19  Supply Depot  
  14  0:25  SCV  
  15  0:40  SCV  
  15  0:41  Barracks  
  16  0:46  Refinery  
  16  0:52  SCV  
  17  1:05  SCV  
  18  1:17  SCV  
  19  1:29  Orbital Command  
  19  1:35  Reaper  
  20  1:46  Command Center  
  20  1:58  SCV  
  20  1:59  Supply Depot  
  21  2:10  SCV  
  21  2:15  Barracks Reactor  
  22  2:22  SCV  
  23  2:26  Barracks  
  22  2:54  Marine x2  
  24  3:03  Factory  
  24  3:04  Barracks  
  24  3:07  Bunker  
  24  3:08  SCV x2  
  26  3:25  Marine x2  
  28  3:29  Barracks Tech Lab  
  28  3:32  SCV  
  28  3:33  Orbital Command  
  27  3:42  Marine  
  27  3:44  SCV  
  20  4:01  Marine x4  
Show
View Real Time Build Order
Export as new Build Order

Assault Zerg - Winner!

Build Orders: Hatch First 

Get SALT Encoding   

  12  0:01  Drone  
  13  0:12  Overlord  
  13  0:17  Drone  
  14  0:30  Drone x2  
  14  0:35  Drone  
  17  0:45  Drone  
  18  0:57  Hatchery  
  17  1:11  Spawning Pool  
  16  1:13  Drone  
  16  1:15  Extractor  
  16  1:18  Drone  
  17  1:22  Drone  
  18  1:28  Drone  
  19  1:39  Overlord  
  19  1:49  Drone  
  20  1:57  Queen  
  22  2:02  Zergling x2  
  23  2:08  Queen  
  23  2:10  Zergling x2  
  23  2:12  Zergling x2  
  27  2:21  Zergling x2  
  27  2:22  Metabolic Boost, Zergling x2  
  28  2:55  Zergling x12  
  34  3:08  Drone x2  
  36  3:19  Roach Warren  
  35  3:26  Overlord x2  
  35  3:40  Hatchery  
  33  3:53  Drone x9  
  42  3:56  Spore Crawler  
  41  4:06  Drone x3  
  41  4:07  Drone  
Tags
 
Add a new tag
Caveats
  • Supply blocks, unpowered buildings, or Contaminate may cause inaccurate times.
  • Supply counts are checked every 10 seconds.